 Dungeon Crawl Stone Soup version 0.19-a0-1907-gcff654f (webtiles) character file.

4099 Lochraine the Conjurer (level 10, -5/75 HPs)
             Began as a Naga Wizard on Oct 21, 2016.
             Was an Initiate of Ashenzari.
             Slain by a three-headed hydra (8 damage)
             ... on level 8 of the Dungeon.
             The game lasted 00:46:31 (9851 turns).

Lochraine the Conjurer (Naga Wizard)                Turns: 9851, Time: 00:46:32

Health: -5/75      AC:  8    Str: 12    XL:     10   Next: 26%
Magic:  7/19       EV: 11    Int: 24    God:    Ashenzari [......]
Gold:   193        SH:  0    Dex: 12    Spells: 7 memorised, 6 levels left

rFire  + + .     SeeInvis +     B - +9 whip of Action {freeze, rF+ Int+2}
rCold  . . .     Gourm    +     a - +0 robe
rNeg   . . .     Faith    .     (no shield)
rPois  +         Spirit   .     b - +0 hat
rElec  .         Reflect  .     t - +0 cloak (curse)
rCorr  .         Harm     .     e - +2 pair of gloves {Str+3} (curse)
MR     +....                    (no barding)
Stlth  ++........               q - amulet of the gourmand
                                D - ring of protection from fire
                                g - +2 ring of intelligence

@: very slightly contaminated, very slow
A: see invisible, deformed body, poison resistance, slowness 2, slow metabolism
1, spit poison 1, AC +3
a: Spit Poison, Curse Item, Renounce Religion


You were on level 8 of the Dungeon.
You worshipped Ashenzari.
Ashenzari was noncommittal.
You were completely stuffed.

You visited 2 branches of the dungeon, and saw 9 of its levels.

You collected 319 gold pieces.
You spent 126 gold pieces at shops.

Inventory:

Hand Weapons
 r - a +0 dagger of electrocution
 B - the +9 whip of Action (weapon) {freeze, rF+ Int+2}
   (You found it on level 4 of the Dungeon)

   It has been specially enchanted to freeze those struck by it, causing extra
   injury to most foes and up to half again as much damage against particularly
   susceptible opponents.
   It can also slow down cold-blooded creatures.
   It affects your intelligence (+2).
   It protects you from fire.
Armour
 a - a +0 robe (worn)
 b - a +0 hat (worn)
 e - a cursed +2 pair of gloves of strength (worn)
 l - a +0 leather armour
 t - a cursed +0 cloak (worn)
Jewellery
 g - a +2 ring of intelligence (left hand)
 q - an amulet of the gourmand (around neck)
 D - a ring of protection from fire (right hand)
 P - a +3 ring of strength
Wands
 i - a wand of iceblast (10/15)
 j - a wand of confusion (18/48)
 m - a wand of iceblast (7/15)
 O - a wand of disintegration (7/24)
Scrolls
 k - 2 scrolls of teleportation
 p - 3 scrolls of amnesia
 s - a scroll of fog
 w - 3 scrolls of enchant armour {unknown}
 y - a scroll of identify
 C - 2 scrolls of immolation {unknown}
 E - a scroll of fear {unknown}
 H - a scroll of enchant weapon {unknown}
 I - 2 scrolls of magic mapping {unknown}
 K - a scroll of remove curse
 M - 2 scrolls of recharging {unknown}
Potions
 n - a potion of brilliance {unknown}
 o - a potion of lignification {unknown}
 v - a potion of magic
 x - 2 potions of flight
 z - a potion of agility {unknown}
 A - 3 potions of heal wounds {unknown}
 F - a potion of berserk rage {unknown}
 G - 2 potions of ambrosia {unknown}
 J - a potion of invisibility {unknown}
 L - a potion of mutation {unknown}
Books
 c - a book of Minor Magic

   Spells                             Type                      Level
   a - Magic Dart                     Conjuration                  1
   b - Blink                          Translocation                2
   c - Call Imp                       Summoning                    2
   d - Repel Missiles                 Charms/Air                   2
   e - Slow                           Hexes                        2
   f - Conjure Flame                  Conjuration/Fire             3
   g - Mephitic Cloud                 Conjuration/Poison/Air       3
Comestibles
 d - 3 bread rations
 f - a royal jelly
 h - 8 slices of pizza
 u - 3 meat rations
 N - 12 chunks of flesh
 Q - 12 fruits


   Skills:
 + Level 5.6 Maces & Flails
 + Level 4.2 Dodging
 - Level 3.0 Stealth
 - Level 6.0 Spellcasting
 - Level 7.0 Conjurations
 - Level 4.0 Summonings
 - Level 2.0 Translocations
 - Level 5.5 Fire Magic
 - Level 3.1 Air Magic
 - Level 4.0 Poison Magic


You had 6 spell levels left.
You knew the following spells:

 Your Spells              Type           Power        Failure   Level  Hunger
a - Magic Dart            Conj           ####         1%          1    None
b - Blink                 Tloc           N/A          6%          2    None
c - Mephitic Cloud        Conj/Pois/Air  ####....     3%          3    #......
d - Conjure Flame         Conj/Fire      #####...     1%          3    #......
e - Repel Missiles        Chrm/Air       ##....       8%          2    None
f - Call Imp              Summ           ####....     1%          2    None
g - Slow                  Hex            #.......     12%         2    None


Dungeon Overview and Level Annotations

Branches:
Dungeon (8/15)             Temple (1/1) D:7            Lair (0/6) D:8

Altars:
Ashenzari
Cheibriados
Dithmenos
Elyvilon
Fedhas
Gozag
Hepliaklqana
Kikubaaqudgha
Makhleb
Okawaru
Qazlal
Ru
Sif Muna
Trog
Uskayaw
Yredelemnul
Zin
The Shining One

Shops:
D:4 ?   D:6 ?

Annotations:
D:5 Menkaure


Innate Abilities, Weirdness & Mutations

You cannot wear boots.
Your serpentine skin is tough. (AC +3)
You have supernaturally acute eyesight. (SInv)
Armour fits poorly on your strangely shaped body.
Your system is resistant to poisons. (rPois)
You cover ground very slowly.
You have a slow metabolism.
You can spit poison.


Message History

The big kobold appears confused.
Casting: Blink
Confirm with . or Enter, or press ? or * to list all spells.
You miscast Blink.
Strange energies run through your body. The three-headed hydra bites you!
* * * LOW HITPOINT WARNING * * *
The three-headed hydra bites you.
* * * LOW HITPOINT WARNING * * *
The three-headed hydra bites you!
* * * LOW HITPOINT WARNING * * *
Okay, then.
Okay, then.
Unknown command.
Casting: Blink
Confirm with . or Enter, or press ? or * to list all spells.
You blink.
Casting: Blink
Confirm with . or Enter, or press ? or * to list all spells.
You blink.
The three-headed hydra bites you!
You die...

#####.####
......
#PP≈)≈.≈.#
######
#P≈......#
#
#≈≈P.....#
#
#P≈≈..P..#
#
#.≈P.....#
#
#+###§''##
#
#).#D....#
....
#.K@.....#
####
##########
# # . ##


You could see a three-headed hydra and a big kobold (confused).

Vanquished Creatures
  The ghost of Enish the Martial Artist, a novice DsCK of Xom (D:7)
  The ghost of ilikecats the Slasher, a novice HuWn (D:4)
  2 dream sheep (D:8)
  A hippogriff (D:7)
  2 yaks (D:8)
  3 wargs (D:8)
  Duvessa (D:4)
  2 ice beasts
  A sky beast (D:7)
  A phantom (D:7)
  4 ogres
  A centaur (D:8)
  2 big kobolds (D:8)
  A wyvern zombie (D:6)
  A gnoll sergeant (D:8)
  A bullfrog (D:8)
  Dowan (D:4)
  2 scorpions (D:4)
  3 howler monkeys
  A hound (D:4)
  A gnoll shaman (D:5)
  A jelly (D:6)
  A centaur skeleton (D:7)
  4 orc priests
  Terence (D:3)
  2 iguanas
  5 orc wizards
  4 worker ants
  A killer bee zombie (D:6)
  11 adders
  7 gnolls
  2 worms (D:3)
  3 dart slugs
  3 leopard geckos
  37 orcs
  3 giant cockroaches
  10 goblins
  7 hobgoblins
  5 jackals
  2 quokkas
  A ball python (D:2)
  8 bats
  5 frilled lizards
  A jackal zombie (D:6)
  4 kobolds
  A leopard gecko skeleton (D:6)
  6 rats
168 creatures vanquished.

Vanquished Creatures (others)
  A quokka (D:6)
  3 fungi (D:3)
4 creatures vanquished.

Grand Total: 172 creatures vanquished

Notes
Turn   | Place    | Note
-------+----------+-------------------------------------------
     0 | D:1      | Lochraine the Naga Wizard began the quest for the Orb.
     0 | D:1      | Reached XP level 1. HP: 15/15 MP: 4/4
   449 | D:1      | Reached skill level 2 in Conjurations
   449 | D:1      | Reached XP level 2. HP: 22/22 MP: 3/6
   481 | D:1      | Learned a level 2 spell: Blink
  1011 | D:2      | Reached XP level 3. HP: 28/28 MP: 2/7
  1298 | D:2      | Learned a level 3 spell: Mephitic Cloud
  1315 | D:2      | Reached XP level 4. HP: 36/36 MP: 2/8
  1374 | D:2      | Reached skill level 3 in Conjurations
  1509 | D:2      | Reached skill level 1 in Poison Magic
  1603 | D:2      | Found a glowing golden altar of the Shining One.
  1858 | D:3      | Noticed Terence
  1874 | D:3      | Killed Terence
  1874 | D:3      | Reached skill level 1 in Air Magic
  1874 | D:3      | Reached XP level 5. HP: 42/42 MP: 1/9
  2280 | D:3      | Found a faded altar of an unknown god.
  2295 | D:3      | Found a deep blue altar of Sif Muna.
  2720 | D:3      | Found a blossoming altar of Fedhas.
  3014 | D:3      | Learned a level 3 spell: Conjure Flame
  3425 | D:4      | Reached XP level 6. HP: 36/49 MP: 1/10
  3434 | D:4      | Reached skill level 4 in Conjurations
  3925 | D:4      | Noticed Duvessa
  3925 | D:4      | Noticed Dowan
  4019 | D:4      | Reached skill level 1 in Fire Magic
  4052 | D:4      | Reached XP level 7. HP: 31/55 MP: 12/12
  4149 | D:4      | Noticed ilikecats's ghost (novice HuWn)
  4164 | D:4      | Found Hyxuokev's Magic Scroll Shoppe.
  4170 | D:4      | Bought a scroll of teleportation for 42 gold pieces
  4170 | D:4      | Bought a scroll of identify for 28 gold pieces
  4270 | D:4      | Killed ilikecats's ghost
  4270 | D:4      | Reached skill level 5 in Conjurations
  4487 | D:4      | Got a shimmering whip
  4488 | D:4      | Identified the +9 whip of Action {freeze, rF+ Int+2} (You found it on level 4 of the Dungeon)
  4630 | D:4      | Killed Duvessa
  4630 | D:4      | Reached XP level 8. HP: 60/62 MP: 2/14
  4743 | D:4      | Killed Dowan
  4797 | D:4      | Learned a level 2 spell: Repel Missiles
  4798 | D:5      | Entered Level 5 of the Dungeon
  4857 | D:5      | Found a hazy altar of Hepliaklqana.
  5207 | D:5      | Found a shadowy altar of Dithmenos.
  5231 | D:5      | Noticed Menkaure
  5265 | D:6      | Reached skill level 1 in Maces & Flails
  5379 | D:6      | Found Musuc's Magic Scroll Boutique.
  5393 | D:6      | Bought a scroll of identify for 28 gold pieces
  5393 | D:6      | Bought a scroll of identify for 28 gold pieces
  5481 | D:6      | Reached skill level 5 in Spellcasting
  5481 | D:6      | Reached skill level 6 in Conjurations
  5482 | D:6      | Found an opulent altar of Gozag.
  5901 | D:6      | HP: 2/62 [wyvern zombie (7)]
  5902 | D:6      | Reached XP level 9. HP: 2/68 MP: 15/17
  6297 | D:6      | Found a white marble altar of Elyvilon.
  6465 | D:7      | Noticed Enish's ghost (novice DsCK)
  6751 | D:7      | Found a staircase to the Ecumenical Temple.
  6763 | Temple   | Entered the Ecumenical Temple
  6855 | Temple   | Became a worshipper of Ashenzari the Shackled
  7862 | D:7      | Learned a level 2 spell: Call Imp
  8023 | D:7      | Killed Enish's ghost
  8023 | D:7      | Reached skill level 5 in Fire Magic
  8432 | D:7      | Reached skill level 7 in Conjurations
  9369 | D:8      | Learned a level 2 spell: Slow
  9374 | D:8      | Found a staircase to the Lair.
  9523 | D:8      | Found an iron altar of Okawaru.
  9676 | D:8      | Reached XP level 10. HP: 75/75 MP: 8/19
  9763 | D:8      | Reached skill level 5 in Maces & Flails
  9842 | D:8      | Noticed a three-headed hydra
  9849 | D:8      | HP: 2/75 [three-headed hydra (11)]
  9851 | D:8      | Slain by a three-headed hydra

Vault maps used:
D:1:      eino_arrival_water_star, glass_columns_b
D:2:      old_standard_altar, minmay_pentomino_u2
D:3:      nicolae_overflow_crystal_walls, fedhas_altar_3, ecumenical_altar_1,
          chequers_big_river, kennysheep_potato, uniq_terence
D:4:      serial_shops, nicolae_shop_stone, enter_ossuary_2, sigmund_army,
          uniq_duvessa
D:5:      marbit_many_paths, doesnt_xom_only_xom,
          nicolae_dithmenos_through_a_glass_darkly,
          lemuel_coloured_pillars_altar, first_bread, uniq_menkaure
D:6:      elyvilon_altar_4, lemuel_crystal_altar, serial_shops, shop,
          nrook_uturn
D:8:      nemelex_xobeh_ov_fountains_minmay, okawaru_metal_pillars_1_2,
          erik_lair_orcish_takeover, hangedman_ranch
Temple:   zaba_magenta_temple

Skill      XL: |  1  2  3  4  5  6  7  8  9 10 |
---------------+-------------------------------+-----
Conjurations   | 2 3 4 5 6 7 |  7.0
Translocations | 2 |  2.0
Poison Magic   | 2 3 4 |  4.0
Air Magic      | 1 2 3 |  3.1
Fire Magic     | 1 3 4 5 |  5.5
Spellcasting   | 4 5 6 |  6.0
Maces & Flails | 2 4 5 |  5.6
Summonings     | 4 |  4.0
Dodging        | 3 4 |  4.2
Stealth        | |  3.0

Action                   |  1- 3 |  4- 6 |  7- 9 | 10-12 || total
-------------------------+-------+-------+-------+-------++-------
Melee: Club              |    15 |    60 |       |       ||    75
       Unarmed           |     1 |       |       |       ||     1
       Dagger            |       |    40 |    50 |       ||    90
       Whip              |       |       |   173 |    29 ||   202
 Cast: Magic Dart        |    56 |   104 |   115 |     2 ||   277
       Mephitic Cloud    |       |     3 |     6 |     2 ||    11
       Conjure Flame     |       |       |    15 |     1 ||    16
       Blink             |       |       |     3 |     2 ||     5
       Call Imp          |       |       |     3 |       ||     3
       Slow              |       |       |       |     1 ||     1
Invok: Curse Item        |       |       |     2 |       ||     2
 Abil: Spit Poison       |     8 |    24 |     9 |       ||    41
  Use: Scroll            |       |     6 |     3 |       ||     9
       Potion            |       |       |     3 |       ||     3
 Stab: Sleeping          |     1 |       |     4 |       ||     5
       Confused          |       |     3 |     1 |       ||     4
       Distracted        |       |       |     1 |       ||     1
  Eat: Chunk             |     1 |    17 |    15 |     1 ||    34
Armor: Robe              |    10 |    51 |    58 |     3 ||   122
Dodge: Dodged            |    10 |    67 |    86 |     5 ||   168
